cohdb
Replays
Latest Replays
All Replays
Popular Replays
Top Player Replays
Match Explorer
How It Works
Community
CoH3 Stats
Reddit
Sign in to upload your games and track your stats! →
Sign in with Steam
Match 37367625
Unlisted
Match 37367625
Overview
Messages
Build Orders
End
Construct Infanterie Kompanie
Grenadier Squad
MG 42 Machine Gun Team
GrW 34 Mortar Team
Grenadier Squad
Construct Luftwaffe Kompanie
221 Scout Car
Luftwaffe Officer Quarters
Jäger Squad
Selects Mechanized Battlegroup
Selects Mechanized Battlegroup
Selects Mechanized Battlegroup
Selects Mobile Repair Stations
Selects Wespe Self-propelled Artillery
Wespe Self-propelled Artillery
Medical Bunker
Support Elements
Marder III M Tank Destroyer
娘希匹,优势在我!
NO.2
shadow 2
嘎哥
Chikage
R19
JT
冲锋大哥
0
0
Comments
sign in to comment!
No comments posted yet!